 Dungeon Crawl Stone Soup version 0.32-a0-886-g41c5271027 (webtiles) character file.

Game seed: 5749776013307381152

1251 mopl the Carver (level 8, -1/60 HPs)
             Began as a Merfolk Fighter on Apr 2, 2024.
             Was a Follower of Okawaru.
             Killed by divine providence
             ... invoked by an orc priest
              (12 damage)
             ... on level 5 of the Dungeon.
             The game lasted 00:04:21 (3564 turns).

mopl the Carver (Merfolk Fighter)                   Turns: 3564, Time: 00:04:21

Health: -1/60      AC:  9    Str: 19    XL:     8   Next: 51%
Magic:  9/9        EV:  7    Int:  7    God:    Okawaru [*.....]
Gold:   150        SH:  0    Dex: 13    Spells: 7/7 levels left

rFire   . . .        a - +0 long sword
rCold   . . .        e - orb {light}
rNeg    . . .        j - +0 chain mail
rPois   .            (no helmet)
rElec   .            (no cloak)
rCorr   .            (no gloves)
SInv    .            (no boots)
Will    .....        (no amulet) Stlth
                     (no ring)
HPRegen 0.30/turn    (no ring)
MPRegen 0.11/turn

%: no passive effects
@: glowing
A: (nimble swimmer 2), mertail
a: Renounce Religion, Heroism


You were on level 5 of the Dungeon.
You worshipped Okawaru.
Okawaru was aware of your devotion.
You visited 2 branches of the dungeon, and saw 6 of its levels.

You collected 150 gold pieces.

Inventory:

Hand Weapons
 a - a +0 long sword (weapon)
Missiles
 i - 4 javelins (quivered)
 p - 4 poisoned darts
Armour
 c - a +0 buckler
 e - an orb of light (worn)
 j - a +0 chain mail (worn)
Jewellery
 v - a ring of fire
Wands
 u - a wand of mindburst (17)
Scrolls
 b - 2 scrolls of identify
 f - a scroll of fear {unknown}
 g - a scroll of enchant armour {unknown}
 h - a scroll of blinking {unknown}
 k - a scroll of immolation {unknown}
 m - a scroll of teleportation {unknown}
 n - 2 scrolls of noise {unknown}
 o - a scroll of amnesia {unknown}
 s - a scroll of fog {unknown}
 t - a scroll of silence {unknown}
Potions
 d - a potion of might
 l - 4 potions of attraction
 q - a potion of curing
 r - 2 potions of haste
 w - a potion of degeneration {unknown}


   Skills:
 + Level 4.1 Fighting
 * Level 10.2 Long Blades
 + Level 2.0 Throwing
 + Level 2.7 Armour
 + Level 2.5 Dodging
 - Level 3.0 Shields
 + Level 2.1 Invocations
 + Level 1.7 Evocations


You had 7 spell levels left.
You didn't know any spells.
Your spell library contained the following spells:

 Spells                   Type           Power      Damage    Failure   Level
 Magic Dart               Conj           0%         1d3       99%         1
 Blink                    Tloc           0%         N/A       99%         2
 Call Imp                 Summ           Unusable   N/A       N/A         2

Dungeon Overview and Level Annotations

Branches:
Dungeon (5/15)             Temple (1/1) D:4

Altars:
Cheibriados
Dithmenos
Fedhas
Gozag
Kikubaaqudgha
Makhleb
Okawaru
Ru
Sif Muna
Uskayaw
Wu Jian
Yredelemnul
Zin

Shops:
D:1 [


Innate Abilities, Weirdness & Mutations

((You are very nimble when in or above water. (Stealth+, EV+, Speed+++)))
Your lower body shifts to a powerful aquatic tail in water.


Message History

The ogre shouts!
The orc attacks as it pursues you! The orc barely misses you.
Things that are here:
a +0 dagger; 3 boomerangs; an orc corpse You slash the orc!
You kill the orc!
Okawaru accepts your kill.
Things that are here:
a +0 flail; an orc corpse
Things that are here:
a +0 flail; an orc corpse You hit the ogre.
The ogre is lightly wounded.
The ogre closely misses you.
You slash the ogre!
The ogre is moderately wounded.
The ogre hits you with a +0 giant club!!
You hit the ogre but do no damage.
The ogre is moderately wounded.
The orc hits you with a +0 hand axe.
* * * LOW HITPOINT WARNING * * *
You slash the ogre!
The ogre is severely wounded.
The orc hits you but does no damage. The ogre barely misses you.
You hit the ogre.
The ogre is almost dead.
The orc hits you but does no damage.
You hit the ogre.
The ogre is almost dead.
The ogre hits you with a +0 giant club!
* * * LOW HITPOINT WARNING * * *
The orc barely misses you.
Unknown command.
You slash the ogre!
You kill the ogre!
Okawaru accepts your kill. The hound bites you but does no damage.
The orc priest invokes the aid of Beogh against you.
Beogh smites you!
You die...

###.......#..#
##.....##..#
##...##...#
#..##.##....#
#...........# ####+###
########.#### #......#
########.#
#......#######.o....).#
#......#.....'.w@...###
.......#.....#oh##..#
.......#..#..#..##..#
.##.####..o..#......#
.#..# #.....#......#
.#.## ##.###########
....# #. ..# Y.# #.#.#
#.oo. ..# #.#.# ... ##


You could see a hound, an orc priest, a dart slug and an orc.

Vanquished Creatures
  A hornet (D:5)
  Sigmund (D:5)
  2 ogres
  2 phantoms (D:4)
  3 scorpions
  3 jellies (D:5)
  A hound (D:4)
  A bombardier beetle (D:3)
  An orc priest (D:3)
  Natasha (thrice) (D:2)
  2 iguanas (D:4)
  7 adders
  2 dart slugs
  2 ribbon worms
  16 orcs
  2 ball pythons
  9 endoplasms
  4 giant cockroaches
  9 goblins
  3 hobgoblins
  7 jackals
  5 kobolds
  4 quokkas
  5 bats
  5 frilled lizards
  4 rats
104 creatures vanquished.

Notes
Turn   | Place    | Note
-------+----------+-------------------------------------------
     0 | D:1      | mopl the Merfolk Fighter began the quest for the Orb.
     0 | D:1      | Reached XP level 1. HP: 18/18 MP: 1/1
    72 | D:1      | Reached skill level 3 in Long Blades
    83 | D:1      | Reached XP level 2. HP: 20/24 MP: 2/2
   158 | D:1      | Found Hazas's Antique Armour Shop.
   575 | D:2      | Reached skill level 4 in Long Blades
   593 | D:2      | Reached XP level 3. HP: 26/29 MP: 3/3
   697 | D:2      | Noticed Natasha
   702 | D:2      | Killed Natasha
   703 | D:2      | Reached skill level 5 in Long Blades
   703 | D:2      | Reached XP level 4. HP: 25/35 MP: 4/4
   718 | D:2      | Noticed Natasha
   730 | D:2      | Killed Natasha
   898 | D:2      | Noticed Natasha
   906 | D:2      | Reached skill level 6 in Long Blades
   912 | D:2      | Killed Natasha
   913 | D:2      | Reached XP level 5. HP: 30/41 MP: 5/5
  1186 | D:2      | Found an opulent altar of Gozag.
  1396 | D:3      | Reached skill level 7 in Long Blades
  1674 | D:3      | Reached XP level 6. HP: 47/47 MP: 6/6
  1998 | D:4      | Reached skill level 8 in Long Blades
  2194 | D:4      | Reached XP level 7. HP: 19/52 MP: 7/7
  2195 | D:4      | Reached skill level 9 in Long Blades
  2404 | D:4      | Found a staircase to the Ecumenical Temple.
  2426 | Temple   | Entered the Ecumenical Temple
  2452 | Temple   | Became a worshipper of Warmaster Okawaru
  3159 | D:5      | Entered Level 5 of the Dungeon
  3191 | D:5      | Noticed Sigmund
  3215 | D:5      | Killed Sigmund
  3216 | D:5      | Reached skill level 1 in Throwing
  3216 | D:5      | Reached skill level 1 in Dodging
  3216 | D:5      | Reached skill level 1 in Invocations
  3216 | D:5      | Reached skill level 1 in Evocations
  3239 | D:5      | Reached XP level 8. HP: 37/60 MP: 8/8
  3387 | D:5      | Found an ancient bone altar of Kikubaaqudgha.
  3412 | D:5      | Noticed a hornet
  3413 | D:5      | Noticed a yak
  3416 | D:5      | Killed a hornet
  3416 | D:5      | Reached * piety under Okawaru
  3417 | D:5      | Reached skill level 4 in Fighting
  3417 | D:5      | Reached skill level 10 in Long Blades
  3417 | D:5      | Reached skill level 2 in Dodging
  3524 | D:5      | Reached skill level 2 in Invocations
  3539 | D:5      | Reached skill level 2 in Throwing
  3564 | D:5      | Killed from afar by an orc priest

Illustrated notes

Levels and vault maps discovered:
D:1:      amcnicky_arrival_choice, layout_rooms, serial_shops,
          nicolae_shop_dealshenge
D:2:      layout_basic, basic_altar, uniq_natasha
D:3:      layout_loops_ring
D:4:      layout_cave_pods, minmay_temple_entry_stoned_glass
D:5:      minmay_clustersquares, layout_basic,
          beargit_hepliaklqana_dungeon_heroes, mainiacjoe_overflow_chevrons,
          lemuel_round_altar, nicolae_wormholes
Temple:   hc_temple_tempest_star

Skill      XL: |  1  2  3  4  5  6  7  8 |
---------------+-------------------------+-----
Long Blades    | 3 4 5 6 7 8 9 10 | 10.2
Throwing       | 1 2 |  2.0
Dodging        | 1 2 |  2.5
Invocations    | 1 2 |  2.1
Evocations     | 1 |  1.7
Fighting       | 4 |  4.1
Armour         | |  2.7
Shields        | |  3.0

Action                     |  1- 3 |  4- 6 |  7- 9 || total
---------------------------+-------+-------+-------++-------
  Melee: Long sword        |    91 |   162 |   115 ||   368
  Evoke: Wand              |       |       |     3 ||     3
    Use: Scroll            |       |     3 |       ||     3
 Armour: Scale mail        |    42 |       |       ||    42
         Chain mail        |    21 |   143 |    89 ||   253
  Dodge: Dodged            |    36 |    47 |    36 ||   119
  Block: Buckler           |    16 |       |       ||    16

Table legend: (Time is in decaauts)
 A = Elapsed time spent in this place.
 B = Non-inter-level travel time spent in this place.
 C = Inter-level travel time spent in this place.
 D = Time resting spent in this place.
 E = Time spent auto-exploring this place.
 F = Levels seen in this place.
 G = Mean time per level.
                   A        B        C        D        E       F      G
               +--------+--------+--------+--------+--------+-----+--------+
         Total |   3583 |   3465 |    118 |    658 |   1968 |   6 |  597.2 |
       Dungeon |   3472 |   3364 |    108 |    581 |   1968 |   5 |  694.4 |
        Temple |    111 |    101 |     10 |     77 |      0 |   1 |  111.0 |
               +--------+--------+--------+--------+--------+-----+--------+

Top non-repeatable levels by time:
     D:4: 940 daAuts
     D:3: 896 daAuts
     D:2: 691 daAuts
     D:1: 544 daAuts
     D:5: 399 daAuts
  Temple: 111 daAuts
